 Dungeon Crawl Stone Soup version 0.23.1-37-gaa34b87b72 (webtiles) character file.

Game seed: 16406552562909437665

76 PikkenKukken the Ruffian (level 4, -9/42 HPs)
             Began as a Troll Transmuter on Mar 26, 2019.
             Was an Initiate of Ashenzari.
             Mangled by a wyvern zombie (15 damage)
             ... on level 3 of the Dungeon.
             The game lasted 00:03:38 (1648 turns).

PikkenKukken the Ruffian (Troll Transmuter)         Turns: 1648, Time: 00:03:38

Health: -9/42      AC:  7    Str: 18    XL:     4   Next: 12%
Magic:  2/4        EV: 10    Int: 10    God:    Ashenzari [......]
Gold:   89         SH:  0    Dex: 10    Spells: 2/5 levels left

rFire    . . .     SeeInvis .     - Unarmed
rCold    . . .     Gourm    +   (no shield)
rNeg     . . .     Faith    .   b - +1 robe
rPois    .         Spirit   .   (helmet restricted)
rElec    .         Reflect  .   (no cloak)
rCorr    .         Harm     .   (gloves unavailable)
MR       .....                  (boots unavailable)
Stlth    +.........             (no amulet)
HPRegen  0.54/turn              (no ring)
MPRegen  0.09/turn              (no ring)

@: appendage (expiring), very slightly contaminated
A: large, unfitting armour, claws 3, talons 3, fast metabolism 3, gourmand,
regeneration 1, shaggy fur 1, tough skin 3
a: End Transformation, Curse Item, Renounce Religion


You were on level 3 of the Dungeon.
You worshipped Ashenzari.
Ashenzari was noncommittal.
You were very full.
You had grown temporary talons.
You visited 1 branch of the dungeon, and saw 3 of its levels.

You collected 89 gold pieces.

Inventory:

Missiles
 a - 22 arrows
 c - 6 tomahawks (quivered)
Armour
 b - a +1 robe (worn)
Scrolls
 j - 2 scrolls of remove curse
Potions
 e - a potion of might
 g - a potion of curing {unknown}
 h - a potion of degeneration {unknown}
 i - a potion of berserk rage {unknown}
Comestibles
 d - 7 rations
 f - 3 chunks of flesh


   Skills:
 + Level 1.9 Fighting
 + Level 2.4 Dodging
 + Level 3.7 Unarmed Combat
 - Level 1.2 Spellcasting
 - Level 1.3 Transmutations


You had 2 spell levels left.
You knew the following spells:

 Your Spells              Type           Power        Failure   Level  Hunger
a - Beastly Appendage     Tmut           #.....       19%         1    ##.....
b - Sticks to Snakes      Tmut           #.......     28%         2    ###....

Your spell library contained the following spells:

 Spells                   Type           Power        Failure   Level  Hunger
 Spider Form              Tmut/Pois      #.........   58%         3    ####...
 Ice Form                 Ice/Tmut       #.......     94%         4    #####..
 Blade Hands              Tmut           #.........   99%         5    ######.


Dungeon Overview and Level Annotations

Branches:
Dungeon (3/15)

Altars:
Ashenzari


Innate Abilities, Weirdness & Mutations

You are too large for most types of armour.
You have claws for hands.
Your metabolism is lightning-fast.
You like to eat raw meat.
Your natural rate of healing is unusually fast.
You are covered in fur. (AC +1)
You have extremely tough skin. (AC +3)
You have claws for feet.


Message History

Confirm with . or Enter, or press ? or * to list all spells.
Your feet morph into talons.
Your transformation is almost over.
The wyvern zombie bites you.
You claw the wyvern zombie!
The wyvern zombie is moderately damaged.
The wyvern zombie misses you.
You scratch the wyvern zombie.
The wyvern zombie is moderately damaged.
The wyvern zombie barely misses you.
You scratch the wyvern zombie but do no damage.
The wyvern zombie is moderately damaged.
The wyvern zombie bites you.
* * * LOW HITPOINT WARNING * * *
The wyvern zombie bites you.
* * * LOW HITPOINT WARNING * * *
You scratch the wyvern zombie.
The wyvern zombie is heavily damaged.
The leopard gecko closely misses you. The wyvern zombie bites you!
You die...

..... # ..... .
?...### .#
.....####.#
#........###
####...........
......l........
#...@.#
..#####.#Z#.####.#
.......(..#..[....
.##...##..).###
##.###>...[###?#
#......>......#
#####.....#####
#..<.##
#<.########


You could see a wyvern zombie and a leopard gecko.

Vanquished Creatures
  4 adders
  2 worms
  A dart slug (D:2)
  A leopard gecko (D:1)
  5 goblins
  4 hobgoblins
  2 jackals (D:2)
  3 kobolds (D:1)
  A quokka (D:2)
  5 bats
  A frilled lizard (D:1)
  A jackal skeleton (D:2)
  3 rats
  A plant (D:2)
34 creatures vanquished.

Notes
Turn   | Place    | Note
-------+----------+-------------------------------------------
     0 | D:1      | PikkenKukken the Troll Transmuter began the quest for the
                  | Orb.
     0 | D:1      | Reached XP level 1. HP: 18/18 MP: 1/1
   323 | D:1      | Reached skill level 1 in Fighting
   496 | D:1      | Reached XP level 2. HP: 27/27 MP: 2/2
   522 | D:1      | Learned a level 2 spell: Sticks to Snakes
  1038 | D:2      | Reached XP level 3. HP: 31/33 MP: 1/3
  1292 | D:2      | Found a shattered altar of Ashenzari.
  1518 | D:2      | Became a worshipper of Ashenzari the Shackled
  1618 | D:3      | Reached XP level 4. HP: 37/42 MP: 2/4
  1648 | D:3      | Mangled by a wyvern zombie

Skill      XL: |  1  2 |
---------------+-------+-----
Fighting       | 1 |  1.9
Dodging        | 2 |  2.4
Unarmed Combat | |  3.7
Spellcasting   | |  1.2
Transmutations | |  1.3

Action                   |  1- 3 |  4- 6 || total
-------------------------+-------+-------++-------
Melee: Unarmed           |    90 |    12 ||   102
       Kick              |     3 |       ||     3
       Punch             |     3 |       ||     3
Throw: Tomahawk          |    10 |       ||    10
 Cast: Beastly Appendage |     3 |     1 ||     4
  Use: Scroll            |     3 |       ||     3
  Eat: Chunk             |    20 |       ||    20
Armor: Robe              |    29 |       ||    29
Dodge: Dodged            |    41 |     6 ||    47
